[Event "XII Cracow ICC-A 2024"]
[Site "Krakow"]
[Date "2024.06.23"]
[Round "2.1"]
[White "Fier, Alexandr"]
[Black "Gullaksen, Eirik"]
[Result "1-0"]
[ECO "B30"]
[WhiteElo "2602"]
[BlackElo "2307"]
[Annotator "TA"]
[PlyCount "69"]
[EventDate "2024.06.20"]
[EventType "swiss"]
[EventCountry "POL"]
[SourceTitle "playchess.com"]
[Source "ChessBase"]
[SourceQuality "1"]
[TimeControl "40/5400+30:1800+30"]

1. e4 c5 2. Nf3 Nc6 3. Bb5 Nf6 4. Nc3 g6 5. h3 Bg7 6. e5 Ng8 7. O-O (7. Bxc6 $142 dxc6 8. O-O) 7... Nh6 8. d4 {[%emt 0:00:05] White has an edge.} cxd4 9. Nxd4 O-O 10. Nf3 d6 11. exd6 exd6 12. Bg5 f6 {[%emt 0:02:51] White stays focused until the end.} ({Better is} 12... Qa5 $14) 13. Bxh6 $16 Bxh6 14. Qd5+ Kh8 15. Rad1 {[%emt 0:01:10][%cal Ba1d1,Bd1d6,Bd6f6][%mdl 32] White is more active.} Bf5 16. Bxc6 (16. Qxd6 Bxc2 17. Qxd8 Rfxd8 18. Rxd8+ Rxd8) 16... bxc6 17. Qxc6 Bxc2 18. Rxd6 Qc8 (18... Qb8 $16) 19. Nd4 $18 Bd3 20. Rd1 Bc4 21. Rxf6 Re8 {[%emt 0:02:11] [#]} (21... Qxc6 {was necessary.} 22. Rxc6 Bg8) 22. Nf5 $1 Bg5 {[%emt 0:05:22] [#]} (22... Bf8 23. Qa4) 23. h4 $1 {[%emt 0:00:05] Hoping for Rxg6.} Be6 (23... Bf4 24. Qf3) 24. Rxe6 Rxe6 {[%emt 0:04:56] [#]} 25. Qxc8+ Rxc8 26. Nd4 Rd6 27. hxg5 Rc4 28. Nde2 Rxd1+ 29. Nxd1 Rc2 30. Nec3 Kg7 31. g3 Kf7 32. Kg2 {[%emt 0:00:03] White is clearly winning.} Ke6 33. Kf3 Rd2 34. Ke4 a6 35. g4 {[%emt 0:00:10] Weighted Error Value: White=0.09 (flawless) /Black=0.33.  Mistake:       	White=1     	Black=3      Inaccurate:     	White=1     	Black=2      OK:         	White=17    	Black=8      Best:        	White=2     	---} 1-0

[Event "XII Cracow ICC-A 2024"]
[Site "Krakow"]
[Date "2024.06.23"]
[Round "2.2"]
[White "Brzezina, Piotr"]
[Black "Gumularz, Szymon"]
[Result "0-1"]
[ECO "C07"]
[WhiteElo "2298"]
[BlackElo "2593"]
[Annotator "TA"]
[PlyCount "138"]
[EventDate "2024.06.20"]
[EventType "swiss"]
[EventCountry "POL"]
[SourceTitle "playchess.com"]
[Source "ChessBase"]
[SourceQuality "1"]
[TimeControl "40/5400+30:1800+30"]

1. e4 e6 2. d4 d5 3. Nd2 c5 4. exd5 Qxd5 5. dxc5 Qxc5 6. Ngf3 {[%emt 0:00:13] C07: French Tarrasch: 3...c5, 4 Ngf3 and 4 exd5 Qxd5.} Nf6 7. Bd3 Nbd7 $1 {[%emt 0:00:24] 7...Nbd7 is better than 7...Be7.} 8. O-O Qc7 9. c3 Be7 10. Ne4 O-O 11. Nxf6+ Nxf6 12. Qe2 b6 13. Bg5 $146 ({Predecessor:} 13. Be3 Bb7 14. Bd4 Rfd8 15. Rfe1 Rd5 16. Ne5 Bd6 17. h3 Rd8 18. f4 Bc5 19. Bxc5 Qxc5+ 20. Kh2 Qc7 21. Rad1 g6 22. Qf2 Nh5 23. g3 f6 {0-1 Wang,H (2722)-Shankland,S (2710) Gashimov Memorial Blitz 8th 2022 (4)}) 13... Bb7 14. Rfd1 Rfd8 15. Bc2 h6 16. Bh4 Qc6 17. Qf1 Qc5 18. Qe2 b5 (18... Qh5 {simplifies} 19. Bg3 b5 20. Rxd8+ Rxd8 21. Rd1 Rxd1+ 22. Qxd1 a6) 19. Ne5 g5 20. Bg3 Rxd1+ 21. Rxd1 Rd8 22. Rxd8+ Bxd8 23. Qd3 Qd5 24. Qxd5 Nxd5 25. f3 f6 26. Nd3 Kf7 27. Bf2 a5 28. a4 Bc6 29. Nc5 b4 30. c4 Nf4 31. b3 f5 32. Nd3 Ng6 33. Bd4 Bc7 34. Nc5 Be5 35. Be3 Ke7 36. Na6 Bb7 37. Nc5 Bc8 38. g3 Bc7 39. Kf1 Kf6 40. Ke2 h5 41. Nd3 ({White should play} 41. Kf2 $11) 41... e5 $15 42. Nf2 g4 $1 43. fxg4 hxg4 44. Bc5 e4 45. Nd1 Ne5 46. Ne3 Be6 47. Kf2 Nf3 48. Nf1 Bd7 49. Bd1 Bc6 50. Ke3 Ke6 51. Kf2 Bd8 52. Be3 (52. Ba7 $142) 52... Bd7 $17 53. Be2 Kd6 54. Bf4+ Kc6 55. Be3 (55. Bd1 $17) 55... Bf6 56. Bd1 {[%emt 0:00:37] [#]} (56. Bxf3 $17 exf3 (56... gxf3 57. Ba7 $15) 57. Nd2) 56... Be6 (56... Bd4 $1 $19 {is more deadly.} 57. Bxd4 (57. Bxf3 Bxe3+ 58. Kxe3 exf3 $19) 57... Nxd4) 57. Be2 Bc3 58. Bd1 Ne5 59. Be2 {[%emt 0:00:53] [#]} (59. Nd2 $17) 59... Nxc4 $1 $19 60. bxc4 (60. Bxc4 $2 {perishes.} Bxc4 61. bxc4 b3 $19) 60... b3 61. Bd1 Bxc4 (61... b2 $19 62. Bc2 Bxc4) 62. Bd2 $2 (62. Nd2 $17 Bxd2 (62... b2 63. Bc2 $17) 63. Bxd2) 62... b2 $19 63. Bc2 Bd4+ 64. Be3 Bxe3+ 65. Nxe3 Bd3 66. Nd1 Bxc2 67. Nxb2 Kc5 68. Ke3 Kb4 69. Kd4 Bb3 0-1

[Event "XII Cracow ICC-A 2024"]
[Site "Krakow"]
[Date "2024.06.23"]
[Round "2.3"]
[White "Eliseev, Sergey"]
[Black "Rozentalis, Eduardas"]
[Result "0-1"]
[ECO "C60"]
[WhiteElo "2296"]
[BlackElo "2476"]
[Annotator "TA"]
[PlyCount "76"]
[EventDate "2024.06.20"]
[EventType "swiss"]
[EventCountry "POL"]
[SourceTitle "playchess.com"]
[Source "ChessBase"]
[SourceQuality "1"]
[TimeControl "40/5400+30:1800+30"]

1. e4 e5 2. Nf3 Nc6 3. Bb5 Nge7 4. Nc3 Ng6 5. h4 Bc5 (5... Be7 $11) 6. h5 $14 Nf4 {[%emt 0:00:36] [#]} 7. Nxe5 $1 {[%emt 0:00:40] Bxc6 would now be deadly.} Qg5 (7... Nxe5 8. d4) 8. g3 $1 {[%emt 0:06:17] White is slightly better.} Nxe5 9. d4 (9. gxf4 Qg2 (9... Qxf4 10. d4 $16) 10. Rf1 Nf3+ 11. Ke2 c6 $19) 9... Bxd4 $1 10. Nd5 (10. gxf4 $2 Qg2 11. Kd2 Nf3+ (11... Qxf2+ 12. Qe2 $17) 12. Ke2 c6 $19 (12... Bxf2 $2 13. Qf1 $19) (12... Qxf2+ $2 13. Kd3 $17)) 10... Nfd3+ (10... Bxf2+ 11. Kxf2 Ng4+ 12. Kg1 $18 (12. Kf1 Nxd5 13. Bxg5 Nde3+ 14. Kg1 Nxd1 $17) (12. Kf1 Nxd5 13. Bxg5 Nde3+ 14. Kg1 Nxd1 $17)) (10... Ng2+ $16 11. Kf1 Ne3+ 12. Bxe3 (12. fxe3 Bb6 $17) 12... Bxe3) 11. cxd3 ({Only move:} 11. Bxd3 $18 Qd8 12. f4) 11... Qd8 12. Qa4 ({Better is} 12. Be3 $14 Bxe3 13. Nxe3) 12... c6 $11 13. Kf1 (13. Ke2 $1 $11 {remains equal.} Bb6 14. Nxb6 Qxb6 15. Bc4) 13... Bc5 $2 (13... Nf3 $17 {and life is bright.} 14. Kg2 (14. Qd1 Ng5 $17) 14... cxd5 (14... cxb5 15. Qa3 $14) 15. Kxf3 Qf6+ 16. Bf4 a6) 14. Bf4 $16 f6 $1 (14... cxb5 $2 {perishes.} 15. Qc2 O-O 16. Bxe5 $18 (16. Qxc5 d6 $16)) 15. d4 {[%emt 0:07:00][%cal Oh5h6] Inhibits d6.} cxb5 16. Qd1 d6 17. dxc5 ({But not} 17. dxe5 fxe5 18. b4 Bb6 $11) 17... O-O 18. Qb3 Rf7 {[%emt 0:03:04] Prevents Ne7+} 19. cxd6 Qxd6 20. Qb4 (20. h6 $14) 20... Qxb4 $15 21. Nxb4 Be6 22. Kg2 Bg4 {[%emt 0:00:25] aiming for ...Bf3+.} 23. Rh4 {[%emt 0:05:15] [#] Strongly threatening Bxe5.} Bf3+ 24. Kf1 g5 {[%emt 0:05:11] Black is more active.} (24... Bxe4 $2 {is the wrong capture.} 25. Bxe5 Bf3 26. Bd4 $18) 25. hxg6 Nxg6 26. Rh6 Bxe4 27. a3 (27. Re1 $17 f5 28. Rd1) 27... Rd8 {[%emt 0:01:09] Threatens to win with ...Nxf4.} 28. Be3 a5 29. Na2 Bf3 $36 {[%emt 0:00:22][%mdl 2048] Black is in control.} 30. Nc3 $2 {[%emt 0:01:39][%mdl 8192] This move loses the game for White.} (30. Re1 $17) 30... b4 $19 31. axb4 axb4 32. Ne2 Rfd7 {[%emt 0:00:15] Prevents Nd4.} 33. Ke1 {[%emt 0:00:18] Prevents Rd1+.} Rd5 34. Rc1 Ne5 {[%emt 0:01:23] ( -> ...Nd3+). Black is clearly winning.} 35. Rxf6 Nd3+ 36. Kf1 Nxc1 37. Nd4 Rxd4 38. Bxd4 Be2+ {[%emt 0:00:07] Weighted Error Value: White=0.61/Black=0.21 (precise) .  Loses game:     	White=1     	---        Mistake:       	White=5     	Black=2      Inaccurate:     	White=2     	---        OK:         	White=9     	Black=13     Best:        	White=2     	Black=3      Strong:       	White=1     	Black=2} 0-1

[Event "XII Cracow ICC-A 2024"]
[Site "Krakow"]
[Date "2024.06.23"]
[Round "2.4"]
[White "Karolczuk, Iwo"]
[Black "Drozdowski, Kacper"]
[Result "1-0"]
[ECO "B47"]
[WhiteElo "2293"]
[BlackElo "2448"]
[Annotator "TA"]
[PlyCount "113"]
[EventDate "2024.06.20"]
[EventType "swiss"]
[EventCountry "POL"]
[SourceTitle "playchess.com"]
[Source "ChessBase"]
[SourceQuality "1"]
[TimeControl "40/5400+30:1800+30"]

1. e4 c5 2. Nf3 e6 3. d4 cxd4 4. Nxd4 Nc6 5. Nc3 Qc7 6. Ncb5 {[%emt 0:00:36] B47: Sicilian: Taimanov: 5 Nc3 Qc7 6 f4, 6 g3 and 6 Be2.} Qb8 7. Bd3 Nge7 8. O-O Ng6 $146 ({Predecessor:} 8... a6 9. Nxc6 Nxc6 10. Nc3 b5 11. f4 Bc5+ 12. Kh1 d6 13. e5 d5 14. Bd2 Qa7 {1-0 Bressac,S (2277)-Hejazipour,M (2358) FRA-chT Top 16 Haute 2024 (4.15)}) 9. Kh1 a6 10. Nxc6 bxc6 11. Nd4 c5 12. Ne2 Be7 13. f4 Bb7 14. Ng3 Qc7 15. f5 Ne5 16. Bf4 g6 17. Bh6 O-O-O 18. b3 Rhg8 19. f6 Bd6 20. Qe2 Qc6 21. Rad1 Bc7 22. c4 Qb6 (22... Nxd3 $15 23. Rxd3 Bxg3 24. Rxg3 Qxe4) 23. Bb1 $11 Nc6 24. Qf2 g5 25. Bg7 Be5 26. Qe2 Qc7 27. Qh5 Bxg3 28. hxg3 Qxg3 29. Qxf7 $2 (29. Rd3 $11 {and White stays safe.} Qe5 30. Rh3 (30. Qxf7 Nd4 $11)) 29... Qh4+ $1 $19 30. Kg1 {[%emt 0:00:02] [#]} Nd4 $2 (30... g4 $1 $17 31. Rf4 (31. Rxd7 $2 g3 $19) 31... Nd4 32. Rxd4 (32. Bd3 $2 e5 $19) 32... cxd4) 31. Rxd4 $1 $11 cxd4 32. Qe7 g4 $1 33. Qc5+ Bc6 34. Qxd4 (34. f7 $2 g3 $19) 34... g3 35. Rf3 Qg5 36. Qc3 Qh5 37. Qe3 (37. Rxg3 $5 Qd1+ $8 38. Kh2 $16) 37... d5 $2 (37... Qh2+ $11 38. Kf1 Qh1+ 39. Qg1 Qh5) 38. exd5 $2 (38. Rxg3 $16 {Hoping for exd5.} dxc4 (38... Qd1+ 39. Kh2 $16) 39. Bc2) 38... exd5 {[%emt 0:00:30] [#]} (38... Qh2+ $11 {remains equal.} 39. Kf1 exd5 40. Bf5+ (40. Rxg3 Rge8 $11) 40... Kb7 41. Rxg3 (41. Qe7+ $2 Ka8 $19) 41... Rge8) 39. Rxg3 (39. Bf5+ Kb7 40. Qe7+ Ka8 41. Rxg3 (41. f7 $2 Qh2+ 42. Kf1 Qh1+ 43. Ke2 Qxg2+ 44. Ke1 Qxf3 $19) 41... dxc4 $11) (39. Qh6 $1 $16 Qxh6 40. Bxh6 dxc4 41. f7) 39... Rge8 (39... Qd1+ 40. Kh2 Kb7 41. Qf3 (41. Bxh7 Rge8 $16) 41... dxc4 (41... Qxb1 $2 42. f7 $18) 42. Qxd1 Rxd1 43. f7 $18 (43. Bxh7 Rgd8 $18)) 40. Qf2 Qd1+ 41. Kh2 $1 Re1 42. Bf5+ (42. Bxh7 $2 Rh1#) 42... Kb7 43. Re3 $1 (43. Bxh7 $2 Rh1#) 43... Rxe3 (43... Rh1+ $11 44. Kg3 d4 45. Re7+ Ka8) 44. Qxe3 $16 Re8 45. Qf3 Qxf3 46. gxf3 Re5 47. Be6 (47. Bxh7 $2 Rh5+ 48. Kg3 Rxh7 $19) 47... Be8 $2 (47... Rxe6 $16 48. f7 Re8 (48... Re2+ $2 49. Kg3 $18)) 48. cxd5 $18 Kc7 49. f4 ({Less strong is} 49. f7 Rh5+ 50. Kg3 Bxf7 $14) 49... Re2+ 50. Kg3 Rxa2 51. f7 Bxf7 52. Bxf7 Ra3 53. Be5+ Kd7 54. d6 (54. Be6+ $142 Ke8 55. d6 Ra2 56. d7+ Ke7 57. Bc3 (57. Bf6+ Kxf6 58. d8=Q+ Kxe6 $18) 57... Rc2 58. Bb4+ Kxe6 59. d8=Q (59. d8=B Kf5 $11)) 54... a5 55. Kg4 a4 56. bxa4 Rxa4 57. Kf5 1-0

[Event "XII Cracow ICC-A 2024"]
[Site "Krakow"]
[Date "2024.06.23"]
[Round "2.5"]
[White "Licznerski, Lukasz"]
[Black "Aakash Sharadchandra, Dalvi"]
[Result "1-0"]
[ECO "B90"]
[WhiteElo "2434"]
[BlackElo "2291"]
[Annotator "TA"]
[PlyCount "73"]
[EventDate "2024.06.20"]
[EventType "swiss"]
[EventCountry "POL"]
[SourceTitle "playchess.com"]
[Source "ChessBase"]
[SourceQuality "1"]
[TimeControl "40/5400+30:1800+30"]

1. e4 c5 2. Nf3 d6 3. d4 cxd4 4. Nxd4 Nf6 5. Nc3 a6 6. Be3 e5 7. Nb3 Be6 8. f3 h5 9. Qd2 Nbd7 10. Nd5 Bxd5 11. exd5 g6 12. O-O-O {[%emt 0:04:06] White has an edge.} Nb6 13. Qa5 Bh6 14. Bxh6 Rxh6 15. Qd2 Rh8 16. f4 exf4 (16... Nbxd5 17. fxe5 dxe5 18. Bc4 $16) 17. Qxf4 Kf8 18. c4 Rc8 19. Kb1 Kg7 20. Bd3 Re8 21. Nd4 Ng4 $1 (21... Nxc4 $6 22. Bxc4 Rxc4 23. Nf5+ gxf5 24. Qxc4 $14) 22. Bxg6 fxg6 $17 23. Ne6+ {[%emt 0:00:11] [#]} Rxe6 $1 24. dxe6 Ne5 (24... Rxc4 $2 25. Qf7+ (25. Qxd6 Qxd6 26. Rxd6 Nc8 $14) 25... Kh6 26. e7 $18 (26. Qxb7 Rc7 $15) (26. Qxb7 Rc7 $17)) (24... Qf6 25. Rhf1 Nxc4 26. Qd4 Qxd4 27. Rf7+ Kh6 28. Rxd4 $15) ({Black should try} 24... Nxc4 $17 {...Qb6 is the strong threat.} 25. Qf7+ Kh6 26. Qf4+ Qg5 27. Qxg5+ Kxg5) 25. b3 $132 {[%emt 0:01:44][%mdl 2048] Threatens to win with Qd4. White has counterplay. Dancing on a razor blade.} Qe7 26. Qd4 {[%emt 0:02:55][%csl LRb6,LRd6] Rhf1 would now be deadly.} Rc6 27. c5 $1 Rxc5 {[%emt 0:01:17] And now ...Nd5 would win.} 28. Qxd6 Qxd6 29. Rxd6 Rc6 {[%emt 0:03:33] [#]} (29... Nd5 $11 {remains equal.}) 30. Rxc6 $1 $16 (30. Rhd1 Kf6 31. Rd7 (31. e7+ Kxe7 32. R6d2 Re6 $17) 31... Kxe6 (31... Rxe6 32. Rxb7 Ng4 33. Rd8 $11) (31... Nbxd7 32. exd7 Nxd7 33. Rxd7 $15) 32. Rxb7 Nd5 $17) 30... Nxc6 31. Rf1 Nd5 32. Rf7+ {[%emt 0:00:16][%mdl 1024] White has strong compensation.} Kh6 33. Rxb7 {[%emt 0:00:32][%cal Ob3b4] White is more active.} Kg5 {[%emt 0:00:19] [#]} 34. Rf7 $1 {[%emt 0:02:52][%cal Ob3b4] Hoping for b4!} Nde7 $2 (34... a5 $16 35. Kc1 h4) 35. b4 $18 Nf5 (35... Nd5 $142 36. Kb2 Ncxb4) 36. a4 Nd6 37. Rd7 $2 {[%emt 0:00:31] Quite a comeback for White.   Weighted Error Value: White=0.12 (very precise) /Black=0.34.  Loses game:     	---       	Black=1      Mistake:       	White=1     	Black=3      Inaccurate:     	---       	Black=2      OK:         	White=9     	Black=11     Best:        	White=4     	Black=2      Strong:       	White=3     	Black=1      Brilliant:      	---       	Black=1} (37. h4+ Kxh4 38. Rd7) 1-0

[Event "XII Cracow ICC-A 2024"]
[Site "Krakow"]
[Date "2024.06.23"]
[Round "2.6"]
[White "Bogdanov, Egor"]
[Black "Damen, Jip"]
[Result "1/2-1/2"]
[ECO "C11"]
[WhiteElo "2433"]
[BlackElo "2259"]
[Annotator "TA"]
[PlyCount "61"]
[EventDate "2024.06.20"]
[EventType "swiss"]
[EventCountry "POL"]
[SourceTitle "playchess.com"]
[Source "ChessBase"]
[SourceQuality "1"]
[TimeControl "40/5400+30:1800+30"]

1. e4 e6 2. d4 d5 3. Nc3 Nf6 4. Bd3 c5 5. exd5 exd5 6. Bb5+ Nc6 7. Nf3 Bg4 8. Be3 {[%emt 0:10:43] The position is equal.} cxd4 9. Bxd4 Be7 10. O-O O-O 11. Be2 Ne4 12. Ne5 Bf5 13. Nxe4 {[%emt 0:04:10] [#] Nxc6 would now be deadly.} Nxd4 14. Qxd4 dxe4 15. Qxd8 Raxd8 16. Rad1 {[%emt 0:00:47] Prevents Rd2} Bf6 17. Nc4 Be6 18. b3 Bd4 19. Ne3 f5 {[%emt 0:02:04] White is weak on the dark squares} 20. c4 f4 (20... g5 $17) 21. Nd5 $1 $11 Bc5 22. b4 Bxd5 23. cxd5 Bxb4 24. Rd4 Bc5 25. Rxe4 Rfe8 26. Rxe8+ Rxe8 27. Bg4 Kf8 28. Rc1 b6 29. Kf1 Re4 30. Rd1 Ke7 31. Re1 {[%emt 0:04:19] Weighted Error Value: White=0.11 (very precise) /Black=0.11 (very precise) .  Mistake:       	---       	Black=1      Inaccurate:     	White=3     	Black=2      OK:         	White=7     	Black=12     Best:        	White=1     	---        Strong:       	White=1     	---} 1/2-1/2

[Event "XII Cracow ICC-A 2024"]
[Site "Krakow"]
[Date "2024.06.23"]
[Round "2.7"]
[White "Janeczko, Jakub"]
[Black "Sieciechowicz, Marcin"]
[Result "1/2-1/2"]
[ECO "C24"]
[WhiteElo "2293"]
[BlackElo "2405"]
[Annotator "ChessBase"]
[PlyCount "61"]
[EventDate "2024.06.20"]
[EventType "swiss"]
[EventCountry "POL"]
[SourceTitle "playchess.com"]
[Source "ChessBase"]
[SourceQuality "1"]
[TimeControl "40/5400+30:1800+30"]

1. e4 e5 2. Nc3 Nf6 3. Bc4 Nc6 4. d3 Na5 5. Qf3 c6 6. Nge2 b5 7. Bb3 d6 8. h3 Be7 9. O-O O-O 10. d4 Qc7 11. dxe5 dxe5 12. Ng3 Rd8 13. Be3 Nxb3 14. axb3 g6 15. Nge2 Be6 16. Nc1 Kg7 17. Nd3 Nd7 18. Qg3 b4 19. Ne2 c5 20. f4 c4 21. bxc4 Bxc4 22. fxe5 Kg8 23. e6 Qxg3 24. exf7+ Bxf7 25. Nxg3 a5 26. b3 Rdc8 27. Rf2 Bh4 28. Kh2 Nf6 29. Re2 Bxg3+ 30. Kxg3 Nxe4+ 31. Kh2 1/2-1/2

[Event "XII Cracow ICC-A 2024"]
[Site "Krakow"]
[Date "2024.06.23"]
[Round "2.8"]
[White "Apoorv Kamble"]
[Black "Jake Shanty"]
[Result "1/2-1/2"]
[ECO "C07"]
[WhiteElo "2369"]
[BlackElo "2217"]
[Annotator "ChessBase"]
[PlyCount "85"]
[EventDate "2024.06.20"]
[EventType "swiss"]
[EventCountry "POL"]
[SourceTitle "playchess.com"]
[Source "ChessBase"]
[SourceQuality "1"]
[TimeControl "40/5400+30:1800+30"]

1. e4 e6 2. d4 d5 3. Nd2 c5 4. exd5 Qxd5 5. dxc5 Qxc5 6. Ngf3 Nf6 7. g3 Qc7 8. Bg2 b6 9. O-O Bb7 10. c4 Be7 11. b3 O-O 12. Bb2 Nbd7 13. Qe2 Rad8 14. Rad1 Nc5 15. Nd4 Bxg2 16. Kxg2 a6 17. f4 Rfe8 18. Rfe1 Bf8 19. N2f3 Qb7 20. Kg1 Nce4 21. a3 Nd6 22. Qg2 Rc8 23. Rc1 Red8 24. Red1 Ng4 25. Qe2 Nf5 26. b4 a5 27. Nxf5 exf5 28. Rxd8 Rxd8 29. h3 Nf6 30. Bxf6 gxf6 31. Nh4 axb4 32. axb4 Qe4 33. Re1 Re8 34. Qxe4 fxe4 35. b5 e3 36. Nf5 Re4 37. Kg2 Bc5 38. Kf3 Rxc4 39. Rd1 h5 40. Nd6 Rb4 41. Ne8 Rxb5 42. Nxf6+ Kf8 43. Ke4 1/2-1/2

[Event "XII Cracow ICC-A 2024"]
[Site "Krakow"]
[Date "2024.06.23"]
[Round "2.9"]
[White "Suder, Jakub"]
[Black "Meessen, Rudolf"]
[Result "1-0"]
[ECO "D35"]
[WhiteElo "2328"]
[BlackElo "2182"]
[Annotator "RC"]
[PlyCount "109"]
[EventDate "2024.06.20"]
[EventType "swiss"]
[EventCountry "POL"]
[SourceTitle "playchess.com"]
[Source "ChessBase"]
[SourceQuality "1"]
[TimeControl "40/5400+30:1800+30"]

1. d4 d5 2. c4 e6 3. Nc3 Nf6 4. cxd5 exd5 5. Bg5 Bb4 6. Qc2 h6 7. Bxf6 Qxf6 8. a3 Bxc3+ 9. Qxc3 c6 10. e3 O-O 11. Ne2 Bf5 12. Ng3 Bh7 13. Be2 a5 14. O-O Nd7 15. b4 a4 16. f3 b6 17. Rac1 Rfe8 18. e4 Re6 19. e5 Qe7 20. f4 f5 21. b5 Nb8 22. Bf3 Ra5 23. Rb1 Qd7 24. Rfc1 Bg6 25. Qc2 Kh7 26. h4 h5 27. Nxh5 Qe7 28. Ng3 Qxh4 29. Ne2 Qe7 30. Qd3 Qd7 31. Kf2 Kg8 32. Rb2 Qd8 33. Nc3 Qf8 34. Nxd5 cxd5 35. Bxd5 Bf7 36. Bxe6 Bxe6 37. d5 Qd8 38. Rd1 Qh4+ 39. Qg3 Qh5 40. Rbb1 Bd7 41. Rh1 Qg4 42. Qxg4 fxg4 43. e6 Bxb5 44. Rxb5 Rxb5 45. Rh8+ Kxh8 46. e7 Rb2+ 47. Ke3 Rb3+ 48. Kd4 Na6 49. e8=Q+ Kh7 50. Qxa4 Nc5 51. Qc6 g3 52. f5 Rxa3 53. Qxb6 Nd7 54. Qg6+ Kg8 55. Qe6+ 1-0

[Event "XII Cracow ICC-A 2024"]
[Site "Krakow"]
[Date "2024.06.23"]
[Round "2.10"]
[White "Kracht, Raphael"]
[Black "Nurgaliyev, Sauat"]
[Result "0-1"]
[ECO "B22"]
[WhiteElo "2199"]
[BlackElo "2321"]
[Annotator "ChessBase"]
[PlyCount "63"]
[EventDate "2024.06.20"]
[EventType "swiss"]
[EventCountry "POL"]
[SourceTitle "playchess.com"]
[Source "ChessBase"]
[SourceQuality "1"]
[TimeControl "40/5400+30:1800+30"]

1. e4 c5 2. c3 Nf6 3. e5 Nd5 4. Bc4 e6 5. Nf3 d6 6. d4 cxd4 7. cxd4 Be7 8. O-O O-O 9. Qe2 b6 10. Rd1 Bb7 11. Bxd5 exd5 12. Nc3 Na6 13. Nb5 dxe5 14. dxe5 Nc5 15. Nc3 Qd7 16. Nd4 Rae8 17. Qh5 Bd8 18. Bf4 f6 19. exf6 Bxf6 20. Bg5 Bxd4 21. Rxd4 Rf5 22. Qh4 Ne6 23. Be3 Nxd4 24. Qxd4 Re6 25. Rd1 Qe8 26. h3 h6 27. Rd2 Qg6 28. Rd1 Kh7 29. Kh2 Rc6 30. g4 Rf7 31. Qd3 Rd7 32. Qxg6+ 0-1

[Event "XII Cracow ICC-A 2024"]
[Site "Krakow"]
[Date "2024.06.23"]
[Round "2.11"]
[White "Moussard, Jules"]
[Black "Kawulok, Marek"]
[Result "1-0"]
[ECO "C77"]
[WhiteElo "2610"]
[BlackElo "2175"]
[Annotator "TA"]
[PlyCount "47"]
[EventDate "2024.06.20"]
[EventType "swiss"]
[EventCountry "POL"]
[SourceTitle "playchess.com"]
[Source "ChessBase"]
[SourceQuality "1"]
[TimeControl "40/5400+30:1800+30"]

1. e4 e5 2. Nf3 Nc6 3. Bb5 a6 4. Ba4 Nf6 5. d3 b5 6. Bb3 Be7 7. O-O d6 8. c3 O-O 9. h3 Na5 10. Bc2 c5 11. Re1 Qc7 12. Nbd2 Nc6 13. a4 Bb7 14. Nf1 d5 15. Ng3 (15. Ne3 {simplifies} Rad8 16. axb5 axb5 17. Nxd5 Nxd5 18. exd5 Rxd5 19. Qe2) 15... g6 16. Qd2 (16. Bh6 {simplifies} Rfd8 17. Qc1 dxe4 18. dxe4 Kh8 19. axb5 axb5 20. Rxa8 Rxa8 21. Nf1) 16... Rfe8 {[%emt 0:15:56] The position is equal.} (16... dxe4 {simplifies} 17. dxe4 Rfe8 18. Qe2 c4) 17. Qh6 dxe4 (17... Na5 {simplifies} 18. Bg5 Bf8 19. Qh4 Nd7) 18. Ng5 (18. Nxe4 {simplifies} Nxe4 19. dxe4 Bf8 20. Qh4) 18... exd3 {[%emt 0:10:13][%mdl 8192] [#]} (18... Na5 $11 {and Black stays safe.}) 19. Nh5 $1 $18 gxh5 20. Bxd3 Nd8 (20... e4 $18) 21. Bxh7+ {[%emt 0:00:29] White mates.} Kh8 22. Bg6+ Kg8 {[%emt 0:00:07] [#]} 23. Bxf7+ $1 Nxf7 24. Qg6+ {[%emt 0:00:03] Weighted Error Value: White=0.08 (flawless) /Black=1.61.  Loses game:     	---       	Black=1      Mistake:       	---       	Black=1      Inaccurate:     	White=1     	---        OK:         	White=3     	Black=2      Best:        	---       	Black=1      Brilliant:      	White=1     	---} 1-0

[Event "XII Cracow ICC-A 2024"]
[Site "Krakow"]
[Date "2024.06.23"]
[Round "2.12"]
[White "Samunenkov, Ihor"]
[Black "Donker, Roel"]
[Result "1-0"]
[ECO "D10"]
[WhiteElo "2532"]
[BlackElo "2270"]
[Annotator "TA"]
[PlyCount "59"]
[EventDate "2024.06.20"]
[EventType "swiss"]
[EventCountry "POL"]
[SourceTitle "playchess.com"]
[Source "ChessBase"]
[SourceQuality "1"]
[TimeControl "40/5400+30:1800+30"]

1. d4 d5 2. c4 c6 3. cxd5 cxd5 4. Bf4 Nc6 5. e3 Nf6 6. Nc3 a6 7. Be2 Bf5 8. Nf3 Nh5 9. Be5 {[%emt 0:14:28] [#] Nh4 would now be deadly.} e6 {[%emt 0:00:50] The position is equal.} 10. Qb3 f6 11. Qxb7 (11. Nh4 $5 Bg6 12. Bg3 $11 (12. Qxb7 Na5 $14)) 11... Na5 12. Bc7 Nxb7 13. Bxd8 Kxd8 14. Nd2 g6 15. g4 Ng7 16. gxf5 Nxf5 17. Rc1 Bh6 (17... Bd6 $14) 18. Nb3 Kd7 (18... Nbd6 $142) 19. Na4 $16 Kd6 20. Nb6 {[%emt 0:13:45] Repels Rhc8} Rab8 21. Bxa6 Nxd4 $2 {[%emt 0:04:05] A mistake that costs the game.} (21... Ne7 $16 22. O-O Nd8) 22. Nxd4 $18 {[%emt 0:05:50] White is clearly winning.} Nc5 {[%emt 0:00:08][%cal Bb7c5,Bc5a6,Ba6b4][%mdl 32] [#]} 23. b4 $1 Nxa6 (23... Nd3+ 24. Bxd3) 24. Rc6+ Ke7 25. Rxe6+ {[%emt 0:00:08] Black is weak on the light squares} Kf7 26. Nxd5 (26. Nd7 Rxb4 27. Rxf6+ (27. Rxa6 Rb1+ 28. Ke2 Rxh1 $17) 27... Ke7 28. Rxa6 Rb1+ 29. Ke2 Rxh1 $14) 26... Nxb4 27. Re7+ (27. Nxf6 $2 Nc2+ (27... Nxa2 28. Nd5 $16) 28. Kf1 Nxd4 $19) (27. Rxf6+ Kg8 28. Nxb4 Rxb4 $18) 27... Kg8 28. Nxf6+ {[%emt 0:00:15] A dynamic duo of knights.} Kf8 29. Rc7 ({Inferior is} 29. Rxh7 Rxh7 30. Nxh7+ Kg7 $11) 29... Rb6 {[%emt 0:00:56] Against Ne6+} 30. Nd7+ {[%emt 0:00:09] Weighted Error Value: White=0.07 (flawless) /Black=0.58.  Loses game:     	---       	Black=1      Mistake:       	---       	Black=2      Inaccurate:     	White=1     	Black=2      OK:         	White=6     	Black=7      Best:        	White=1     	---} ({And not} 30. Rxh7 Rxh7 31. Nxh7+ Kg8 $11) 1-0